Map: Blackburn LE

Players

Strange - Winner!

  • Race: Protoss Protoss

Reynor

  • Race: Zerg Zerg

Event: DreamHack SC2 Masters 2021 Winter

VOD

Have the link to the VOD?

Description

Time

  • Played on: Oct. 9, 2021, 10:28 a.m.
  • Length: 7:16

All games in this series

Show
View Real Time Build Order
Export as new Build Order

Strange Protoss - Winner!

Build Orders:  

Get SALT Encoding   

  12  0:00  Probe  
  13  0:12  Probe  
  14  0:18  Pylon  
  14  0:25  Probe (Chrono Boost)  
  15  0:37  Probe (Chrono Boost)  
  15  0:39  Forge  
  16  0:45  Probe (Chrono Boost)  
  17  1:03  Pylon  
  17  1:10  Pylon  
  17  1:11  Pylon  
  17  1:22  Photon Cannon  
  17  1:24  Gateway  
  17  1:29  Pylon  
  17  1:30  Pylon  
  17  1:50  Probe  
  17  1:53  Assimilator  
  17  2:02  Probe  
  18  2:11  Pylon  
  18  2:13  Cybernetics Core, Zealot (Chrono Boost)  
  18  2:14  Probe  
  21  2:19  Photon Cannon  
  21  2:26  Probe  
  22  2:32  Zealot  
  22  2:36  Photon Cannon  
  24  2:50  Photon Cannon  
  24  2:57  Shield Battery  
  24  3:06  Robotics Facility  
  24  3:10  Shield Battery  
  24  3:19  Adept (Chrono Boost)  
  24  3:20  Shield Battery  
  26  3:29  Pylon  
  26  3:39  Photon Cannon  
  22  3:58  Immortal (Chrono Boost)  
  24  4:05  Shield Battery  
  24  4:13  Shield Battery  
  24  4:27  Warp Prism (Chrono Boost)  
  26  4:36  Shield Battery  
  26  4:43  Shield Battery  
  26  4:49  Shield Battery  
  26  5:03  Immortal (Chrono Boost)  
  30  5:18  Gateway  
  30  5:34  Immortal  
  34  6:07  Zealot  
  36  6:13  Pylon  
  36  6:30  Immortal (Chrono Boost)  
  40  6:34  Zealot  
Show
View Real Time Build Order
Export as new Build Order

Reynor Zerg 

Build Orders: Hatch First 

Get SALT Encoding   

  12  0:00  Drone  
  13  0:11  Overlord  
  13  0:16  Drone  
  14  0:30  Drone x2  
  16  0:43  Drone  
  17  0:52  Hatchery  
  17  0:54  Drone  
  17  0:58  Drone  
  18  1:18  Spawning Pool  
  18  1:19  Drone  
  18  1:24  Drone  
  19  1:33  Drone  
  20  1:59  Extractor  
  19  2:06  Queen  
  19  2:07  Zergling x4  
  23  2:08  Spine Crawler  
  22  2:16  Drone, Spine Crawler  
  23  2:23  Spine Crawler  
  23  2:25  Zergling x2  
  23  2:28  Zergling x2  
  24  2:31  Zergling x2  
  24  2:36  Drone  
  26  2:40  Overlord  
  26  2:44  Drone  
  27  2:46  Drone  
  28  2:58  Queen  
  30  2:59  Drone  
  30  3:00  Drone  
  32  3:17  Zergling x2  
  33  3:23  Zergling x2  
  33  3:25  Queen  
  33  3:26  Overlord  
  36  3:46  Drone  
  36  3:48  Zergling x6  
  36  3:51  Zergling x2, Queen  
  36  3:53  Overlord  
  37  4:04  Zergling x2  
  37  4:09  Zergling x2  
  39  4:10  Queen  
  39  4:11  Zergling x2  
  39  4:13  Drone  
  43  4:21  Zergling x2  
  44  4:32  Zergling x4  
  44  4:34  Queen  
  44  4:37  Zergling x2  
  42  4:41  Zergling x6  
  42  4:45  Zergling x4  
  41  4:52  Queen  
  39  4:56  Zergling x2  
  39  4:58  Zergling x2  
  32  5:08  Zergling x2  
  32  5:09  Queen  
  32  5:12  Zergling x2  
  33  5:17  Zergling x2  
  33  5:19  Drone  
  35  5:24  Drone, Spore Crawler  
  35  5:25  Extractor  
  35  5:26  Drone  
  35  5:29  Zergling x2  
  35  5:33  Zergling x2  
  38  5:36  Drone  
  38  5:39  Queen  
  38  5:42  Zergling x2  
  41  5:45  Drone  
  41  5:51  Zergling x4  
  41  5:59  Zergling x4  
  41  6:02  Zergling x2  
  41  6:03  Zergling x2  
  43  6:05  Drone x2  
  44  6:12  Drone  
  44  6:15  Zergling x2  
  44  6:16  Queen  
  41  6:30  Zergling x2  
  38  6:34  Drone x2  
  38  6:36  Zergling x2  
  40  6:45  Zergling x4  
  39  6:47  Zergling x2  
  39  6:56  Zergling x2  

Tags
 
Add a new tag
Caveats
  • Supply blocks, unpowered buildings, or Contaminate may cause inaccurate times.
  • Supply counts are checked every 10 seconds.